 Dungeon Crawl Stone Soup version 0.29.1-15-g9cfb28693d (webtiles) character file.

Game seed: 10519245203766098172

25 protoss039 the Digger (level 2, 8/21 HPs)
             Began as a Demonspawn Earth Elementalist on Mar 25, 2023.
             Got out of the dungeon alive.
             The game lasted 00:01:04 (593 turns).

protoss039 the Digger (DsEE)                         Turns: 593, Time: 00:01:05

Health: 8/21       AC:  2    Str:  8    XL:     2   Next: 82%
Magic:  3/5        EV: 12    Int: 16    God:
Gold:   32         SH:  4    Dex: 13    Spells: 4/5 levels left

rFire   . . .      SeeInvis .   e - +2 whip (drain)
rCold   . . .      Faith    .   (no shield)
rNeg    . . .      Spirit   .   a - +0 robe
rPois   .          Reflect  .   (no helmet)
rElec   .          Harm     .   (no cloak)
rCorr   .          Rampage  .   (no gloves)
Will    .....                   (no boots)
Stlth   ++........              (no amulet)
HPRegen 0.07/turn               (no ring)
MPRegen 0.09/turn               (no ring)

@: no status effects
A: condensation shield
a: no special abilities


You escaped.
You visited 1 branch of the dungeon, and saw 2 of its levels.

You collected 32 gold pieces.

Inventory:

Hand Weapons
 e - a +2 whip of draining (weapon)
Armour
 a - a +0 robe (worn)
Scrolls
 c - 2 scrolls of noise {unknown}
 d - a scroll of magic mapping {unknown}
 h - a scroll of butterflies {unknown}
Potions
 b - a potion of magic
 f - a potion of attraction {unknown}
 g - a potion of degeneration {unknown}


   Skills:
 + Level 1.2 Fighting
 - Level 1.7 Dodging
 - Level 1.7 Stealth
 + Level 2.4 Spellcasting
 - Level 0.8 Transmutations
 + Level 3.1 Earth Magic


You had 4 spell levels left.
You knew the following spells:

 Your Spells              Type           Power      Damage    Failure   Level
a - Sandblast             Erth           22%        2d7       5%          1

Your spell library contained the following spells:

 Spells                   Type           Power      Damage    Failure   Level
 Passwall                 Tmut/Erth      6%         N/A       13%         2
 Sting                    Tmut/Pois      12%        1d3       17%         1
 Apportation              Tloc           2%         N/A       21%         1
 Freeze                   Ice            4%         1d3       21%         1
 Poisonous Vapours        Pois/Air       2%         N/A       30%         2
 Stone Arrow              Conj/Erth      12%        3d7       30%         3
 Petrify                  Tmut/Erth      8%         N/A       65%         4
 Olgreb's Toxic Radiance  Pois           1%         N/A       89%         4
 Alistair's Intoxication  Tmut/Pois      2%         N/A       99%         5


Dungeon Overview and Level Annotations

Branches:
Dungeon (2/15) Zot: 11397

Altars:
Ashenzari


Innate Abilities, Weirdness & Mutations

A meltable shield of frost defends you. (SH +4)


Message History

The blast of sand hits the quokka.
You kill the quokka!
Unknown command.
Casting: Sandblast (safe; 5% risk of failure)
Confirm with . or Enter, or press ? or * to list all spells.
Aiming: Sandblast (safe; 5% risk of failure)
Press: ? - help, Shift-Dir - straight line, f - you That would be overly suicidal.
Okay, then.
Unknown command.
You see here a frilled lizard corpse.
The endoplasm quivers.
You can't go up here!
Unknown command.
(D) Dungeon
Where to? (Enter - D:1 @ (x,y), ? - help)
Casting: Sandblast (safe; 5% risk of failure)
Confirm with . or Enter, or press ? or * to list all spells.
Aiming: Sandblast (safe; 5% risk of failure)
Press: ? - help, Shift-Dir - straight line, f - endoplasm
Aim: an endoplasm (98% to hit)
The blast of sand hits the endoplasm.
The endoplasm is almost dead.
Unknown command.
Casting: Sandblast (safe; 5% risk of failure)
Confirm with . or Enter, or press ? or * to list all spells.
Aiming: Sandblast (safe; 5% risk of failure)
Press: ? - help, Shift-Dir - straight line, f/p - endoplasm
Aim: an endoplasm (almost dead, 98% to hit)
The blast of sand hits the endoplasm.
You kill the endoplasm!
Unknown command.
Unknown command.
(D) Dungeon
Where to? (Enter - D:1 @ (x,y), ? - help)
There is a fountain of clear blue water here.
There is an open door here.
There is a staircase leading out of the dungeon here.
Are you sure you want to leave the Dungeon?
This will make you lose the game!
You have escaped!

#.##.##....................#.#
.....####.#.#.#.#...###.......
......# #.......#...# #......#
##.##.####.#.#.#.#...###.......
...... .......................
.# ... #.....................
.. ... #..⌠...⌠....###.......
#...###.......#.......
#...#@#.....###.......
##..#'#.....# #.......
#.⌠...⌠....###...####
#................#
##...............#
###.####.#.#.....###...#
.......................#
.##.####.........###.#.#
................#........


There were no monsters in sight!

Vanquished Creatures
  2 ball pythons (D:1)
  4 endoplasms
  2 giant cockroaches (D:2)
  A goblin (D:1)
  A hobgoblin (D:1)
  2 kobolds (D:2)
  4 quokkas
  A bat (D:1)
  3 frilled lizards (D:1)
  A rat (D:1)
21 creatures vanquished.

Notes
Turn   | Place    | Note
-------+----------+-------------------------------------------
     0 | D:1      | protoss039 the Demonspawn Earth Elementalist began the
                  | quest for the Orb.
     0 | D:1      | Reached XP level 1. HP: 13/13 MP: 3/3
    93 | D:1      | You fall into a shaft and drop 1 floor!
    94 | D:2      | Found a faded altar of an unknown god.
   105 | D:2      | Got Plato's Compilation of the Shark
   201 | D:2      | Found a broken altar of Ashenzari.
   235 | D:2      | Gained mutation: A meltable shield of frost defends you.
                  | (SH +4) [demonic ancestry]
   235 | D:2      | Reached XP level 2. HP: 20/20 MP: 1/5
   359 | D:1      | Reached skill level 1 in Fighting
   366 | D:1      | Reached skill level 3 in Earth Magic
   593 | D:$      | Got out of the dungeon alive.

Illustrated notes

Levels and vault maps discovered:
D:1:      scummos_arrival_simple_fountains, layout_basic, minmay_fountain_box,
          minmay_cut_off
D:2:      layout_loops_ring, shapermc_ecumenical_altar_rom_forum, basic_altar

Skill      XL: |  1  2 |
---------------+-------+-----
Fighting       | 1 |  1.2
Earth Magic    | 3 |  3.1
Dodging        | |  1.7
Stealth        | |  1.7
Spellcasting   | |  2.4
Transmutations | |  0.8

Action                   || total
-------------------------++-------
Melee: Whip              ||    26
 Cast: Sandblast         ||    16
 Stab: Sleeping          ||     5
Armor: Robe              ||     3
Dodge: Dodged            ||    17
Block: Other             ||     5
